 Dungeon Crawl Stone Soup version 0.31-a0-833-gc15d34cb79 (webtiles) character file.

Game seed: 4330694151351454846

64 adelrune the Ruffian (level 3, -3/33 HPs)
             Began as a Troll Shapeshifter on Sept 25, 2023.
             Slain by an orc
             ... wielding a +0 flail
              (8 damage)
             ... on level 3 of the Dungeon.
             The game lasted 00:03:48 (1815 turns).

adelrune the Ruffian (Troll Shapeshifter)           Turns: 1815, Time: 00:03:49

Health: -3/33      AC:  4    Str: 24    XL:     3   Next: 91%
Magic:  2/2        EV: 10    Int: 12    God:
Gold:   58         SH:  5    Dex:  9    Spells: 2/2 levels left

rFire   . .          .
                       - Unarmed
rCold   . . .        (no shield)
rNeg    . . .        a - +0 animal skin
rPois   .            (helmet currently unavailable)
rElec   .            (cloak currently unavailable)
rCorr   .            (gloves unavailable)
SInv    .            (boots unavailable)
Will    .....        h - amulet of reflection
Stlth   +            p - +6 ring of intelligence
HPRegen 1.05/turn    (no ring)
MPRegen 0.08/turn

%: reflection
@: beast-form
A: beast (slay +1), large, unfitting armour, claws 3, regeneration 1, shaggy fur
1, tough skin 1
a: Begin Untransformation


You were on level 3 of the Dungeon.
You were a hulking beast.
You visited 1 branch of the dungeon, and saw 3 of its levels.

You collected 58 gold pieces.

Inventory:

Hand Weapons
 b - a +0 sling
Armour
 a - a +0 animal skin (worn)
Jewellery
 h - an amulet of reflection (around neck)
 p - a +6 ring of intelligence (left claw)
 q - an amulet of faith
Talismans
 c - a beast talisman (active)
 d - a flux talisman
Scrolls
 g - 2 scrolls of identify {unknown}
 i - a scroll of vulnerability {unknown}
 j - a scroll of enchant weapon {unknown}
 m - a scroll of brand weapon {unknown}
 o - a scroll of fog {unknown}
 r - a scroll of butterflies {unknown}
Potions
 e - a potion of heal wounds {unknown}
 f - 2 potions of curing {unknown}
 k - a potion of lignification
 l - a potion of haste {unknown}
 n - a potion of invisibility {unknown}


   Skills:
 + Level 1.4 Fighting
 + Level 2.1 Dodging
 * Level 3.8 Unarmed Combat
 + Level 3.3 Shapeshifting


You had 2 spell levels left.
You didn't know any spells.
Your spell library contained the following spells:

 Spells                   Type           Power      Damage    Failure   Level
 Sting                    Tmut/Pois      0%         1d3       32%         1
 Sublimation of Blood     Necr           0%         N/A       45%         2
 Wereblood                Tmut           0%         N/A       45%         2
 Summon Hydra             Summ           0%         N/A       100%        7


Dungeon Overview and Level Annotations

Branches:
Dungeon (3/15)

Altars:

Shops:
D:2 (


Innate Abilities, Weirdness & Mutations

You are a hulking beast.
Your limbs bulge with bestial killing power. (Slay +1)
You are too large for most types of armour.
You have claws for hands.
Your natural rate of healing is unusually fast.
You are covered in fur. (AC +1)
You have tough skin. (AC +1)


Message History

The orc shouts!
You hear a shout!
The orc shouts!
You hear a shout!
An orc comes into view. It is wielding a +0 flail.
An orc priest comes into view. It is wielding a +0 hand axe.
An orc comes into view. It is wielding a +0 whip.
A kobold comes into view. It is wielding a +0 dagger.
The orc priest shouts!
The kobold shouts!
A quokka comes into view.
The kobold moves out of view.
The orc barely misses you. x2
You are now empty-clawed.
The orc hits you with a +0 flail. The orc hits you but does no damage.
You barely miss the orc. The orc hits you with a +0 flail.
The orc hits you but does no damage.
A giant cockroach comes into view.
You scratch the orc.
The orc is lightly wounded.
The orc barely misses you. The orc closely misses you.
You mangle the orc!!
You kill the orc!
A quokka comes into view.
The orc hits you with a +0 short sword.
You claw the orc!
You kill the orc!
A quokka comes into view.
You barely miss the orc priest. You barely miss the orc priest.
The orc priest calls down the wrath of Beogh upon you.
Pain shoots through your body! The orc hits you with a +0 flail!
* * * LOW HITPOINT WARNING * * *
You barely miss the orc priest.
A bat comes into view.
You block the orc's attack.
The orc priest hits you with a +0 hand axe.
* * * LOW HITPOINT WARNING * * *
A quokka comes into view.
The bat moves out of view.
You scratch the orc priest.
The orc priest is lightly wounded.
The orc hits you with a +0 flail!
You die... #...... ..... ..... r.. ro.

#K# # #o# ...##.#h#
###### .....Bo~##
#~~~~## ....#~r~~###
###~~~### ..
###~~~~#####~~~~~~~~
..###~~~~~~~~~#####~
....#####~~~### #~
........###########~
......... #~~~~~#
........##########~~


You could see an orc priest, 2 orcs, 3 quokkas, a giant cockroach and a kobold.

Vanquished Creatures
  An adder (D:2)
  2 dart slugs (D:1)
  2 orcs (D:3)
  8 ball pythons
  6 bats
  An endoplasm (D:1)
  A giant cockroach (D:2)
  5 goblins
  2 hobgoblins (D:2)
  2 jackals (D:1)
  4 kobolds
  2 quokkas (D:2)
  3 frilled lizards (D:2)
  9 rats
48 creatures vanquished.

Notes
Turn   | Place    | Note
-------+----------+-------------------------------------------
     0 | D:1      | adelrune the Troll Shapeshifter began the quest for the
                  | Orb.
     0 | D:1      | Reached XP level 1. HP: 18/18 MP: 0/0
   301 | D:1      | Reached skill level 1 in Fighting
   340 | D:1      | Reached XP level 2. HP: 27/27 MP: 1/1
   903 | D:1      | Reached XP level 3. HP: 33/33 MP: 2/2
  1459 | D:2      | Found Duisit Lezo's Weapon Shop.
  1742 | D:3      | Found a faded altar of an unknown god.
  1752 | D:3      | Got a whispering book
  1815 | D:3      | Slain by an orc

Illustrated notes

Levels and vault maps discovered:
D:1:      dpeg_arrival_rooms_b, layout_basic
D:2:      layout_loops_ring, serial_shops, nicolae_shop_bloodbath_and_beyond
D:3:      layout_basic, shapermc_ecumenical_altar_rom_forum,
          portal_sewer_entry_f, chequers_serial_rivers_large_b, uniq_robin

Skill      XL: |  1  2  3 |
---------------+----------+-----
Fighting       | 1 |  1.4
Dodging        | 2 |  2.1
Unarmed Combat | |  3.8
Shapeshifting  | |  3.3

Action                     || total
---------------------------++-------
  Melee: Unarmed           ||    50
   Fire: Sling             ||    73
 Armour: Animal skin       ||    38
  Dodge: Dodged            ||    24
  Block: Other             ||    10
         Reflection        ||     2

Table legend: (Time is in decaauts)
 A = Elapsed time spent in this place.
 B = Non-inter-level travel time spent in this place.
 C = Inter-level travel time spent in this place.
 D = Time resting spent in this place.
 E = Time spent auto-exploring this place.
 F = Levels seen in this place.
 G = Mean time per level.
                   A        B        C        D        E       F      G
               +--------+--------+--------+--------+--------+-----+--------+
         Total |   1824 |   1716 |    108 |      8 |   1369 |   3 |  608.0 |
       Dungeon |   1824 |   1716 |    108 |      8 |   1369 |   3 |  608.0 |
               +--------+--------+--------+--------+--------+-----+--------+

Top non-repeatable levels by time:
     D:1: 1170 daAuts
     D:2: 573 daAuts
     D:3: 81 daAuts
